NYP
HUDSON VALLEY RENEGADES @ EVERETT AQUASOX
04/23/2044
 
TOP OF THE 1ST
Hudson Valley Renegades batting - Pitching for Everett AquaSox : RHP Ian Gaines
Pitching: RHP Ian Gaines
Batting: LHB Dan Hunt 0-0: Ball
1-0: SINGLE (Groundball, 3S, EV 61.2 MPH) (infield hit)
Batting: RHB Jesse Haddad 0-0: Ball
Dan Hunt steals 2nd base
1-0: Foul Ball, location: 2F
1-1: Called Strike
1-2: Ball
2-2: Ground out 5-3 (Groundball, 56, EV 81.9 MPH)
Batting: SHB Suljo Dokic 0-0: Called Strike
0-1: Ball
Dan Hunt steals 3rd base
1-1: DOUBLE (Flyball, 8RXD, EV 99.4 MPH)
Dan Hunt scores
Batting: LHB Isaac Bamberg 0-0: Ground out 4-3 (Groundball, 4, EV 81.9 MPH)
Suljo Dokic to third
Batting: RHB Eddie Zamora 0-0: SINGLE (Groundball, 6MD, EV 105.6 MPH)
Suljo Dokic scores
Batting: RHB Freddy Mullen 0-0: 2-RUN HOME RUN (Flyball, 7D, EV 95.0 MPH), Distance : 363 ft
Batting: RHB Mark Richert 0-0: Called Strike
0-1: Foul Ball, location: 2F
0-2: DOUBLE (Line Drive, 89M, EV 109.4 MPH)
Batting: SHB Tirta Subandrio 0-0: Foul Ball, location: 2F
0-1: Ball
1-1: Ball
2-1: Swinging Strike
2-2: Fly out, F5 (Popup, 56S, EV 81.2 MPH)
Top of the 1st over - 4 runs, 5 hits, 0 errors, 1 left on base; Hudson Valley 4 - Everett 0
BOTTOM OF THE 1ST
Everett AquaSox batting - Pitching for Hudson Valley Renegades : RHP Dave Navarro
Pitching: RHP Dave Navarro
Batting: RHB Houston Brock 0-0: Reached on error, E4 (Groundball, 4M, EV 86.9 MPH)
Batting: RHB Heihachiro Fujita 0-0: Ball
Houston Brock steals 2nd base
1-0: Foul Ball, location: 2F
1-1: Called Strike
1-2: Ball
2-2: Strikes out looking
Batting: RHB Chris Olheiser 0-0: Called Strike
Houston Brock steals 3rd base
0-1: Ball
1-1: Fly out, F9 (Line Drive, 9, EV 91.2 MPH)
Runner from 3rd tags up, SCORES, no throw by RF
Batting: RHB Victor Rosas 0-0: Ball
1-0: Foul Ball, location: 2F
1-1: Ground out 4-3 (Groundball, 34, EV 105.6 MPH)
Bottom of the 1st over - 1 run, 0 hits, 1 error, 0 left on base; Hudson Valley 4 - Everett 1
TOP OF THE 2ND
Hudson Valley Renegades batting - Pitching for Everett AquaSox : RHP Ian Gaines
Batting: RHB Khalil Walker 0-0: Called Strike
0-1: Swinging Strike
0-2: Strikes out swinging
Batting: LHB Dan Hunt 0-0: Ground out 4-3 (Groundball, 4M, EV 85.6 MPH)
Batting: RHB Jesse Haddad 0-0: Called Strike
0-1: Ball
1-1: Ball
2-1: Ball
3-1: Base on Balls
Batting: SHB Suljo Dokic 0-0: Ball
Jesse Haddad steals 2nd base
1-0: Ball
2-0: Foul Ball, location: 2F
2-1: Ball
3-1: Base on Balls
Batting: LHB Isaac Bamberg 0-0: Called Strike
0-1: Called Strike
0-2: Ball
1-2: Strikes out swinging
Top of the 2nd over - 0 runs, 0 hits, 0 errors, 2 left on base; Hudson Valley 4 - Everett 1
BOTTOM OF THE 2ND
Everett AquaSox batting - Pitching for Hudson Valley Renegades : RHP Dave Navarro
Batting: LHB Taki Matsui 0-0: Ball
1-0: Called Strike
1-1: Ball
2-1: Fly out, F4 (Flyball, 34D, EV 91.9 MPH)
Batting: RHB Ivan Davila 0-0: Swinging Strike
0-1: Foul Ball, location: 2F
0-2: Foul Ball, location: 2F
0-2: Ball
1-2: Ball
2-2: Ball
3-2: Ground out U3 (Groundball, 3S, EV 84.4 MPH)
Batting: RHB Chris Van Niel 0-0: Ball
1-0: Ball
2-0: Called Strike
2-1: Ball
3-1: TRIPLE (Line Drive, 78XD, EV 109.4 MPH)
Batting: RHB Danny Pujols 0-0: Foul Ball, location: 2F
0-1: Ball
1-1: Ground out 5-3 (Groundball, 56, EV 79.4 MPH)
Bottom of the 2nd over - 0 runs, 1 hit, 0 errors, 1 left on base; Hudson Valley 4 - Everett 1
TOP OF THE 3RD
Hudson Valley Renegades batting - Pitching for Everett AquaSox : RHP Ian Gaines
Batting: RHB Eddie Zamora 0-0: Fly out, F7 (Flyball, 7, EV 87.5 MPH)
Batting: RHB Freddy Mullen 0-0: Called Strike
0-1: Ball
1-1: Fly out, F9 (Flyball, 9, EV 87.5 MPH)
Batting: RHB Mark Richert 0-0: Called Strike
0-1: Ball
1-1: Called Strike
1-2: Ball
2-2: Foul Ball, location: 2F
2-2: Ground out 4-3 (Groundball, 4, EV 106.2 MPH)
Top of the 3rd over - 0 runs, 0 hits, 0 errors, 0 left on base; Hudson Valley 4 - Everett 1
BOTTOM OF THE 3RD
Everett AquaSox batting - Pitching for Hudson Valley Renegades : RHP Dave Navarro
Batting: RHB David Greene 0-0: Called Strike
0-1: Ball
1-1: Ball
2-1: Called Strike
2-2: Fly out, F8 (Flyball, 78D, EV 81.9 MPH)
Batting: RHB Houston Brock 0-0: Called Strike
0-1: Swinging Strike
0-2: Strikes out looking
Batting: RHB Heihachiro Fujita 0-0: Fly out, F9 (Flyball, 9S, EV 91.2 MPH)
Bottom of the 3rd over - 0 runs, 0 hits, 0 errors, 0 left on base; Hudson Valley 4 - Everett 1
TOP OF THE 4TH
Hudson Valley Renegades batting - Pitching for Everett AquaSox : RHP Ian Gaines
Batting: SHB Tirta Subandrio 0-0: Called Strike
0-1: Swinging Strike
0-2: Strikes out swinging
Batting: RHB Khalil Walker 0-0: Called Strike
0-1: Ball
1-1: Swinging Strike
1-2: Foul Ball, location: 2F
1-2: Foul Ball, location: 2F
1-2: Ball
2-2: Ball
3-2: Base on Balls
Batting: LHB Dan Hunt 0-0: Ball
Khalil Walker steals 2nd base
1-0: SINGLE (Line Drive, 8RS, EV 93.1 MPH)
Khalil Walker to third
Runner from 3rd tries for Home, SAFE, throw by CF to home
Pitching: RHP Dave McGee
Batting: RHB Jesse Haddad 0-0: Ball
Dan Hunt steals 2nd base
1-0: Foul Ball, location: 2F
1-1: Foul Ball, location: 2F
1-2: DOUBLE (Line Drive, 9LM, EV 105.0 MPH)
Dan Hunt scores
Batting: SHB Suljo Dokic 0-0: Called Strike
0-1: Swinging Strike
0-2: Strikes out swinging
Batting: LHB Isaac Bamberg 0-0: Ball
1-0: Ball
2-0: Ground out U3 (Groundball, 34S, EV 71.9 MPH)
Top of the 4th over - 2 runs, 2 hits, 0 errors, 1 left on base; Hudson Valley 6 - Everett 1
BOTTOM OF THE 4TH
Everett AquaSox batting - Pitching for Hudson Valley Renegades : RHP Dave Navarro
Batting: RHB Chris Olheiser 0-0: Called Strike
0-1: Swinging Strike
0-2: Ball
1-2: Ball
2-2: Ground out U3 (Groundball, 3, EV 96.2 MPH)
Batting: RHB Victor Rosas 0-0: Ball
1-0: Ball
2-0: SINGLE (Groundball, 15, EV 71.9 MPH) (infield hit)
Batting: LHB Taki Matsui 0-0: Called Strike
0-1: Ball
1-1: Called Strike
1-2: Foul Ball, location: 2F
1-2: Ball
2-2: Strikes out swinging
Batting: RHB Ivan Davila 0-0: Called Strike
0-1: Fly out, F9 (Flyball, 9, EV 77.5 MPH)
Bottom of the 4th over - 0 runs, 1 hit, 0 errors, 1 left on base; Hudson Valley 6 - Everett 1
TOP OF THE 5TH
Hudson Valley Renegades batting - Pitching for Everett AquaSox : RHP Dave McGee
Batting: RHB Eddie Zamora 0-0: Foul Ball, location: 2F
0-1: Swinging Strike
0-2: Ball
1-2: Strikes out swinging
Batting: RHB Freddy Mullen 0-0: Ball
1-0: Ball
2-0: Ball
3-0: Called Strike
3-1: Base on Balls
Batting: RHB Mark Richert 0-0: Ball
1-0: Called Strike
1-1: Called Strike
1-2: Foul Ball, location: 2F
1-2: Ball
2-2: Fly out, F4 (Popup, 4M, EV 63.1 MPH)
Batting: SHB Tirta Subandrio 0-0: Ball
1-0: Foul Ball, location: 2F
1-1: Foul Ball, location: 2F
1-2: Ball
2-2: Strikes out swinging
Top of the 5th over - 0 runs, 0 hits, 0 errors, 1 left on base; Hudson Valley 6 - Everett 1
BOTTOM OF THE 5TH
Everett AquaSox batting - Pitching for Hudson Valley Renegades : RHP Dave Navarro
Batting: RHB Chris Van Niel 0-0: Ball
1-0: Called Strike
1-1: Ball
2-1: Foul Ball, location: 2F
2-2: Foul Ball, location: 2F
2-2: Ball
3-2: Strikes out swinging
Batting: RHB Danny Pujols 0-0: Ball
1-0: Called Strike
1-1: Foul Ball, location: 2F
1-2: DOUBLE (Line Drive, 9LS, EV 98.1 MPH)
Batting: RHB David Greene 0-0: Ball
Wild Pitch!
Danny Pujols to third
1-0: Foul Ball, location: 2F
1-1: Ball
2-1: Ball
3-1: Base on Balls
Batting: RHB Houston Brock 0-0: Foul Ball, location: 2F
0-1: Ground out 6-3 (Groundball, 4MS, EV 68.1 MPH)
Danny Pujols scores
David Greene to second
Batting: RHB Heihachiro Fujita 0-0: Swinging Strike
0-1: Foul Ball, location: 2F
0-2: Ball
1-2: Foul Ball, location: 2F
1-2: Ball
2-2: Ball
3-2: Strikes out swinging
Bottom of the 5th over - 1 run, 1 hit, 0 errors, 1 left on base; Hudson Valley 6 - Everett 2
TOP OF THE 6TH
Hudson Valley Renegades batting - Pitching for Everett AquaSox : RHP Dave McGee
Batting: RHB Khalil Walker 0-0: Swinging Strike
0-1: Swinging Strike
0-2: Foul Ball, location: 2F
0-2: Ball
1-2: Strikes out swinging
Batting: LHB Dan Hunt 0-0: Called Strike
0-1: Called Strike
0-2: Ball
1-2: Strikes out looking
Batting: RHB Jesse Haddad 0-0: Called Strike
0-1: Ball
1-1: Ball
2-1: Fly out, F3 (Popup, 3SF, EV 81.9 MPH)
Top of the 6th over - 0 runs, 0 hits, 0 errors, 0 left on base; Hudson Valley 6 - Everett 2
BOTTOM OF THE 6TH
Everett AquaSox batting - Pitching for Hudson Valley Renegades : RHP Dave Navarro
Batting: RHB Chris Olheiser 0-0: Ball
1-0: Swinging Strike
1-1: Ball
2-1: Ground out 4-3 (Groundball, 4, EV 101.2 MPH)
Batting: RHB Victor Rosas 0-0: Ball
1-0: Called Strike
1-1: Called Strike
1-2: Ground out 6-3 (Groundball, 6, EV 78.8 MPH)
Batting: LHB Taki Matsui 0-0: Ball
1-0: Called Strike
1-1: Called Strike
1-2: Strikes out swinging
Bottom of the 6th over - 0 runs, 0 hits, 0 errors, 0 left on base; Hudson Valley 6 - Everett 2
TOP OF THE 7TH
Hudson Valley Renegades batting - Pitching for Everett AquaSox : RHP Dave McGee
Pitching: RHP Joe Pruitt
Batting: SHB Suljo Dokic 0-0: Foul Ball, location: 2F
0-1: Swinging Strike
0-2: Ball
1-2: Ball
2-2: Ball
3-2: Strikes out swinging
Batting: LHB Isaac Bamberg 0-0: Foul Ball, location: 2F
0-1: Foul Ball, location: 2F
0-2: Foul Ball, location: 2F
0-2: Ball
1-2: Strikes out swinging
Batting: RHB Eddie Zamora 0-0: Ball
1-0: Ground out 4-3 (Groundball, 4, EV 90.0 MPH)
Top of the 7th over - 0 runs, 0 hits, 0 errors, 0 left on base; Hudson Valley 6 - Everett 2
BOTTOM OF THE 7TH
Everett AquaSox batting - Pitching for Hudson Valley Renegades : RHP Dave Navarro
Pitching: RHP Juan Estrella
Batting: RHB Ivan Davila 0-0: Ground out 6-3 (Groundball, 6M, EV 100.6 MPH)
Batting: RHB Chris Van Niel 0-0: Ground out 6-3 (Groundball, 6, EV 96.2 MPH)
Batting: RHB Danny Pujols 0-0: Called Strike
0-1: Ball
1-1: Ball
2-1: Ground out U3 (Groundball, 3, EV 84.4 MPH)
Bottom of the 7th over - 0 runs, 0 hits, 0 errors, 0 left on base; Hudson Valley 6 - Everett 2
TOP OF THE 8TH
Hudson Valley Renegades batting - Pitching for Everett AquaSox : RHP Joe Pruitt
Batting: RHB Freddy Mullen 0-0: Swinging Strike
0-1: Ball
1-1: Swinging Strike
1-2: Strikes out looking
Batting: RHB Mark Richert 0-0: Called Strike
0-1: Reached on error, E7 (Flyball, 7S, EV 83.8 MPH)
Batting: SHB Tirta Subandrio 0-0: Ball
1-0: Ball
2-0: Foul Ball, location: 2F
2-1: Ball
3-1: Base on Balls
Mark Richert to second
Batting: RHB Khalil Walker 0-0: Grounds into double play, 6-4-3 (Groundball, 6, EV 101.9 MPH)
Top of the 8th over - 0 runs, 0 hits, 1 error, 1 left on base; Hudson Valley 6 - Everett 2
BOTTOM OF THE 8TH
Everett AquaSox batting - Pitching for Hudson Valley Renegades : RHP Juan Estrella
Batting: RHB David Greene 0-0: Swinging Strike
0-1: Foul Ball, location: 2F
0-2: Foul Ball, location: 2F
0-2: Ball
1-2: Ball
2-2: Foul Ball, location: 2F
2-2: Ball
3-2: Foul Ball, location: 2F
3-2: Foul Ball, location: 2F
3-2: Foul Ball, location: 2F
3-2: Strikes out looking
Batting: RHB Houston Brock 0-0: Swinging Strike
0-1: Swinging Strike
0-2: Ball
1-2: Strikes out looking
Batting: RHB Heihachiro Fujita 0-0: Ball
1-0: Fly out, F9 (Flyball, 9LD, EV 103.8 MPH)
Bottom of the 8th over - 0 runs, 0 hits, 0 errors, 0 left on base; Hudson Valley 6 - Everett 2
TOP OF THE 9TH
Hudson Valley Renegades batting - Pitching for Everett AquaSox : RHP Joe Pruitt
Pitching: RHP Mike Bator
Batting: LHB Dan Hunt 0-0: Ball
1-0: Foul Ball, location: 2F
1-1: Fly out, F7 (Flyball, 78D, EV 85.6 MPH)
Batting: RHB Jesse Haddad 0-0: Ball
1-0: Ball
2-0: Ball
3-0: Called Strike
3-1: DOUBLE (Line Drive, 5D, EV 101.9 MPH)
Batting: SHB Suljo Dokic 0-0: Foul Ball, location: 2F
0-1: Swinging Strike
0-2: Ball
1-2: Foul Ball, location: 2F
1-2: Strikes out looking
Batting: LHB Isaac Bamberg 0-0: TRIPLE (Line Drive, 9D, EV 96.9 MPH)
Jesse Haddad scores
Batting: RHB Eddie Zamora 0-0: Ball
1-0: Ball
2-0: SINGLE (Line Drive, 4MD, EV 95.6 MPH)
Isaac Bamberg scores
Batting: RHB Freddy Mullen 0-0: Ball
1-0: Foul Ball, location: 2F
1-1: Ball
2-1: Foul Ball, location: 2F
2-2: Ball
3-2: SINGLE (Groundball, 6, EV 97.5 MPH)
Eddie Zamora to second
Eddie Zamora to third
Batting: RHB Mark Richert 0-0: Called Strike
0-1: Ball
1-1: Swinging Strike
1-2: Ball
2-2: Ball
3-2: Ground out 4-3 (Groundball, 4, EV 84.4 MPH)
Top of the 9th over - 2 runs, 4 hits, 0 errors, 2 left on base; Hudson Valley 8 - Everett 2
BOTTOM OF THE 9TH
Everett AquaSox batting - Pitching for Hudson Valley Renegades : RHP Juan Estrella
Batting: RHB Chris Olheiser 0-0: Called Strike
0-1: Ball
1-1: Foul Ball, location: 2F
1-2: Strikes out swinging
Batting: RHB Victor Rosas 0-0: Ball
1-0: Ball
2-0: Ground out 3-1 (Groundball, 34S, EV 66.9 MPH)
Batting: LHB Taki Matsui 0-0: Called Strike
0-1: Called Strike
0-2: Ball
1-2: Strikes out looking
Bottom of the 9th over - 0 runs, 0 hits, 0 errors, 0 left on base; Hudson Valley 8 - Everett 2
Thursday, March 31st , 2022 - OOTP Baseball 22.12 Build 89